 Dungeon Crawl Stone Soup version 0.26-a0-284-g73c0fb6129 (webtiles) character file.

Game seed: 4131752516256598412

559 MrRokkomies the Stinger (level 7, -3/43 (45) HPs)
             Began as an Octopode Venom Mage on July 13, 2020.
             Was an Initiate of Gozag.
             Slain by a centaur (8 damage)
             ... on level 6 of the Dungeon.
             The game lasted 00:12:41 (5490 turns).

MrRokkomies the Stinger (Octopode Venom Mage)       Turns: 5490, Time: 00:12:48

HP:   -3/43 (45)    AC:  1    Str:  7    XL:     7   Next: 31%
MP:   11/11         EV: 14    Int: 19    God:    Gozag
Gold: 472           SH:  0    Dex: 13    Spells: 3/12 levels left

rFire    . . .     SeeInvis .   r - +0 great sword
rCold    . . .     Faith    .   (shield currently unavailable)
rNeg     . . .     Spirit   .   (helmet restricted)
rPois    .         Reflect  .   (no amulet)
rElec    .         Harm     .   (no ring)
rCorr    .                      (no ring)
MR       .....                  (no ring)
Stlth    ++++......             (no ring)
HPRegen  0.14/turn              (no ring)
MPRegen  0.12/turn              (no ring)
                                (no ring)
                                (no ring)

@: marked, gold aura
A: almost no armour, stealthy swim, amphibious, 8 rings, constrict 8, camouflage
1, gelatinous body 1
a: Potion Petition, Call Merchant, Bribe Branch, Renounce Religion


You were on level 6 of the Dungeon.
You worshipped Gozag.
Gozag was aware of your devotion.
You visited 1 branch of the dungeon, and saw 6 of its levels.

You collected 522 gold pieces.
You paid 50 gold pieces to Gozag.

Inventory:

Hand Weapons
 d - a +0 short sword
 h - a +0 trident
 r - a +0 great sword (weapon)
Magical Staves
 p - an uncursed staff of fire
Jewellery
 m - an uncursed amulet of guardian spirit
Wands
 o - a wand of polymorph (1)
Scrolls
 e - a scroll of fog
 g - 3 scrolls of remove curse
 s - a scroll of enchant weapon {unknown}
 t - a scroll of random uselessness {unknown}
 u - a scroll of amnesia
 v - a scroll of identify
Potions
 b - a potion of lignification
 c - a potion of brilliance
 f - a potion of stabbing
 i - a potion of haste
 k - 3 potions of flight
 l - a potion of might {unknown}
 n - a potion of mutation {unknown}
 q - a potion of heal wounds {unknown}


   Skills:
 - Level 2.5 Fighting
 + Level 3.5 Dodging
 + Level 5.0 Stealth
 - Level 3.0 Spellcasting
 * Level 1.9 Hexes
   Level 1.0 Transmutations
 * Level 6.3 Poison Magic


You had 3 spell levels left.
You knew the following spells:

 Your Spells              Type           Power        Failure   Level
a - Confusing Touch       Hex            ##......     22%         3
b - Poisonous Vapours     Pois/Air       ##....       6%          2
c - Olgreb's Toxic Radia  Pois           ####....     11%         4

Your spell library contained the following spells:

 Spells                   Type           Power        Failure   Level
 Sting                    Tmut/Pois      ###.         3%          1
 Ignite Poison            Fire/Tmut/Pois ##......     17%         3
 Mephitic Cloud           Conj/Pois/Air  ##......     19%         3
 Gell's Gravitas          Tloc           #.........   41%         3
 Petrify                  Tmut/Erth      #.......     77%         4
 Yara's Violent Unravell  Hex/Tmut       #.........   93%         5
 Metabolic Englaciation   Hex/Ice        #.........   96%         5


Dungeon Overview and Level Annotations

Branches:
Dungeon (6/15)
 Temple: D:4-7

Altars:
Elyvilon
Gozag
Hepliaklqana
Kikubaaqudgha
Ru
Trog
Uskayaw
Wu Jian
Xom
Yredelemnul

Annotations:
D:6 Prince Ribbit


Innate Abilities, Weirdness & Mutations

You cannot wear most types of armour.
You are very stealthy in the water. (Stealth+)
You are amphibious.
You can wear up to eight rings at the same time.
You can use your tentacles to constrict eight enemies at once.
Your skin changes colour to match your surroundings (Stealth+).
Your rubbery body absorbs attacks. (AC +1, EV +1)


Message History

The spell is quite dangerous to cast (11% risk of failure)!
Continue anyway?
You begin to radiate toxic energy.
The centaur is poisoned.
The orc warrior is poisoned.
The orc priest is poisoned.
The orc is poisoned.
The ufetubus is poisoned.
The centaur looks even sicker.
The orc warrior looks even sicker.
The ufetubus looks even sicker.
The centaur hits you.
The orc priest mumbles some strange prayers to Beogh against you.
Beogh smites you!
* * * LOW HITPOINT WARNING * * *
The ufetubus hits you.
* * * LOW HITPOINT WARNING * * *
The ufetubus closely misses you. The centaur misses you.
It was a potion of magic.
Magic courses through your body.
The orc warrior looks even sicker.
The orc priest looks even sicker.
The orc looks even sicker.
The ufetubus looks even sicker.
Your toxic aura wanes.
You kill the orc!
You kill the ufetubus!
The centaur hits you!
You die...
Your body crumbles into a pile of gold.

...####.......##...........
..# ######..#............
###......#....#
#....##.##...#
#....##..##... ####...#.##
+#..##.##.#### #..
#....c$.#..#.#.....
$#../.#@o..o$.$.F# $ ##..
##..#####.## $ #' #.## .(.
#. #... ... #. #.##. ....#
+ #. #. ..## .# ... #


You could see an orc warrior (very poisoned), a centaur (very poisoned) and an
orc priest (very poisoned).

Vanquished Creatures
  A necrophage (D:5)
  A bullfrog (D:6)
  A scorpion (D:5)
  A hound (D:6)
  2 bullfrog skeletons
  Natasha (thrice) (D:2)
  3 worker ants
  3 gnolls (D:6)
  3 adders
  An ufetubus (D:6)
  2 oozes
  A worm (D:2)
  A dart slug (D:3)
  A leopard gecko (D:4)
  2 orcs
  4 giant cockroaches
  7 goblins
  2 hobgoblins
  7 jackals
  3 quokkas
  8 bats
  4 frilled lizards
  8 kobolds
  A quokka skeleton (D:5)
  A rat (D:1)
71 creatures vanquished.

Notes
Turn   | Place    | Note
-------+----------+-------------------------------------------
     0 | D:1      | MrRokkomies the Octopode Venom Mage began the quest for the
                  | Orb.
     0 | D:1      | Reached XP level 1. HP: 11/11 MP: 3/3
   507 | D:1      | Reached XP level 2. HP: 18/18 MP: 5/5
   511 | D:1      | Learned a level 2 spell: Poisonous Vapours
   627 | D:1      | Reached skill level 1 in Fighting
   649 | D:1      | Reached skill level 4 in Poison Magic
  1203 | D:2      | Reached XP level 3. HP: 19/23 MP: 6/6
  1781 | D:2      | Noticed Natasha
  1783 | D:2      | Killed Natasha
  1831 | D:2      | Reached XP level 4. HP: 29/29 MP: 7/7
  1872 | D:2      | Noticed Natasha
  1877 | D:2      | Killed Natasha
  1945 | D:2      | Found an opulent altar of Gozag.
  1954 | D:2      | Became a worshipper of Gozag Ym Sagoz the Greedy
  2433 | D:2      | Noticed Natasha
  2444 | D:2      | Killed Natasha
  2444 | D:2      | Reached XP level 5. HP: 26/35 MP: 0/8
  2780 | D:3      | Reached skill level 5 in Poison Magic
  2902 | D:3      | Learned a level 4 spell: Olgreb's Toxic Radiance
  3005 | D:4      | Found a hide-covered altar of Uskayaw.
  3472 | D:4      | Found a hazy altar of Hepliaklqana.
  3528 | D:4      | Reached XP level 6. HP: 41/41 MP: 4/9
  3856 | D:4      | Noticed a +0 hand axe
  3856 | D:4      | Noticed a +0 dagger
  3987 | D:5      | Entered Level 5 of the Dungeon
  4020 | D:5      | Noticed an ice beast
  4072 | D:5      | Found an ancient bone altar of Kikubaaqudgha.
  4076 | D:5      | Found a bloodstained altar of Trog.
  4076 | D:5      | Found a sacrificial altar of Ru.
  4076 | D:5      | Found a basalt altar of Yredelemnul.
  4078 | D:5      | Found a white marble altar of Elyvilon.
  4079 | D:5      | Found a shimmering altar of Xom.
  4080 | D:5      | Found an ornate altar of the Wu Jian Council.
  4283 | D:5      | Noticed a necrophage
  4300 | D:5      | Killed a necrophage
  4731 | D:5      | Noticed an ice beast
  4784 | D:5      | Learned a level 3 spell: Confusing Touch
  5316 | D:6      | Reached skill level 6 in Poison Magic
  5316 | D:6      | Reached skill level 1 in Hexes
  5351 | D:6      | Reached XP level 7. HP: 39/43 MP: 1/11
  5476 | D:6      | Reached skill level 5 in Stealth
  5476 | D:6      | Noticed Prince Ribbit
  5490 | D:6      | Slain by a centaur

Illustrated notes

Levels and vault maps discovered:
D:1:      lemuel_arrival_behind_the_door_large, layout_basic
D:2:      layout_loops_corners, nicolae_gozag_seed_capital, uniq_natasha
D:3:      layout_rooms, nemelex_xobeh_ov_fountains_minmay, tso_altar
D:4:      layout_basic, lemuel_coloured_pillars_altar, dancing_weapons_uskayaw
D:5:      layout_basic, minitemple, kennysheep_boxes
D:6:      minmay_bubble_buster, layout_cave_pools,
          nicolae_overflow_crystal_walls, zin_scriptorium,
          minmay_temple_entry_enclosed_plants, basic_altar, minivault_19,
          lightli_minifort, uniq_prince_ribbit1

Skill      XL: |  1  2  3  4  5  6  7 |
---------------+----------------------+-----
Fighting       | 1 2 |  2.5
Stealth        | 3 4 5 |  5.0
Poison Magic   | 4 5 6 |  6.3
Dodging        | 3 |  3.5
Spellcasting   | 3 |  3.0
Hexes          | 1 |  1.9
Transmutations | |  1.0

Action                   |  1- 3 |  4- 6 |  7- 9 || total
-------------------------+-------+-------+-------++-------
Melee: Unarmed           |    17 |       |       ||    17
       Short sword       |    46 |       |       ||    46
       Constrict         |    15 |    13 |     3 ||    31
       Tentacles         |     5 |     9 |     2 ||    16
       Trident           |    17 |    78 |       ||    95
       Great sword       |       |     2 |     7 ||     9
 Cast: Poisonous Vapours |     2 |    27 |     4 ||    33
       Sting             |       |     2 |       ||     2
       Olgreb's Toxic Ra |       |       |     1 ||     1
  Use: Scroll            |       |    12 |     1 ||    13
       Potion            |       |       |     1 ||     1
 Stab: Sleeping          |    11 |    11 |       ||    22
       Distracted        |       |     1 |       ||     1
Armor: Skin              |    20 |     4 |       ||    24
Dodge: Dodged            |    63 |    42 |    13 ||   118
       Rpst.: Great sword |       |       |     4 ||     4

Table legend:
 A = Non-vault XP
 B = Vault XP
 C = Vault XP percentage of total XP
 D = Non-vault monster count
 E = Vault monster count
 F = Vault count percentage of total count
                 A         B        C        D         E       F
            +---------+---------+-------+---------+---------+-------
      Total |     759 |      40 |   5.0 |      69 |       2 |   2.8
            +---------+---------+-------+---------+---------+-------
        D:1 |      28 |       0 |   0.0 |      14 |       0 |   0.0
        D:2 |     104 |      37 |  26.2 |      19 |       1 |   5.0
        D:3 |      23 |       0 |   0.0 |       5 |       0 |   0.0
        D:4 |     148 |       0 |   0.0 |      15 |       0 |   0.0
        D:5 |     230 |       0 |   0.0 |       8 |       0 |   0.0
        D:6 |     226 |       3 |   1.3 |       8 |       1 |  11.1
            +---------+---------+-------+---------+---------+-------
